[Event "11th Asrian Memorial 2018"]
[Site "Jermuk"]
[Date "2018.06.28"]
[Round "8"]
[White "Gabuzyan, Hovhannes"]
[Black "Tutisani, Noe"]
[Result "1-0"]
[ECO "A16"]
[WhiteElo "2539"]
[BlackElo "2469"]
[Annotator "ChessBase"]
[PlyCount "65"]
[EventDate "2018.06.21"]
[EventCountry "ARM"]
[SourceTitle "playchess.com"]
[Source "ChessBase"]
[SourceQuality "1"]
[TimeControl "40/5400+30:1800+30"]

1. c4 Nf6 2. Nc3 g6 3. g3 e5 4. Bg2 Bg7 5. d3 O-O 6. e4 d6 7. Nge2 c6 8. O-O Be6 9. b4 d5 10. exd5 cxd5 11. Bg5 Na6 12. cxd5 Bg4 13. Qb3 Qd7 14. Rfe1 Rac8 15. Rac1 Qf5 16. Bxf6 Qxf6 17. a3 Bh6 18. Ne4 Qb6 19. Rxc8 Bxc8 20. N2c3 f5 21. d6+ Kh8 22. Nd5 Qd4 23. Nec3 Bd7 24. h3 Bc6 25. Ne2 Bxd5 26. Nxd4 Bxb3 27. Nxb3 Rd8 28. Bxb7 Rxd6 29. Rxe5 Rxd3 30. Re8+ Kg7 31. Na5 Rd6 32. Nc4 Rf6 33. Rc8 1-0

[Event "11th Asrian Memorial 2018"]
[Site "Jermuk"]
[Date "2018.06.29"]
[Round "9"]
[White "Sasikiran, Krishnan"]
[Black "Sethuraman, S P"]
[Result "1/2-1/2"]
[ECO "C78"]
[WhiteElo "2666"]
[BlackElo "2657"]
[Annotator "ChessBase"]
[PlyCount "25"]
[EventDate "2018.06.21"]
[EventCountry "ARM"]
[SourceTitle "playchess.com"]
[Source "ChessBase"]
[SourceQuality "1"]
[TimeControl "40/5400+30:1800+30"]

1. e4 e5 2. Nf3 Nc6 3. Bb5 a6 4. Ba4 Nf6 5. O-O Bc5 6. d3 b5 7. Bb3 d6 8. a4 Rb8 9. axb5 axb5 10. c3 O-O 11. Re1 h6 12. Nbd2 Bb6 13. Nf1 1/2-1/2

[Event "11th Asrian Memorial 2018"]
[Site "Jermuk"]
[Date "2018.06.29"]
[Round "9"]
[White "Hovhannisyan, Robert"]
[Black "Hakobyan, Aram"]
[Result "1-0"]
[ECO "B56"]
[WhiteElo "2625"]
[BlackElo "2542"]
[Annotator "ChessBase"]
[PlyCount "68"]
[EventDate "2018.06.21"]
[EventCountry "ARM"]
[SourceTitle "playchess.com"]
[Source "ChessBase"]
[SourceQuality "1"]
[TimeControl "40/5400+30:1800+30"]

1. e4 c5 2. Nf3 d6 3. d4 cxd4 4. Nxd4 Nf6 5. Nc3 Bd7 6. Be2 e5 7. Ndb5 Bc6 8. Nd5 Bxd5 9. exd5 a6 10. Nc3 Nbd7 11. Be3 g6 12. g4 b5 13. g5 b4 14. Nb1 Ne4 15. Nd2 Nec5 16. a3 Rb8 17. axb4 Rxb4 18. Ra2 a5 19. Nc4 a4 20. c3 Rb8 21. Bg4 Be7 22. Bxd7+ Nxd7 23. Rxa4 O-O 24. Qg4 h5 25. gxh6 Nf6 26. Qg2 Rb5 27. h4 Kh7 28. h5 Rg8 29. Qf3 gxh5 30. Qf5+ Kh8 31. Ra7 Rg6 32. Ke2 Rg4 33. Bg5 Nxd5 34. Bxe7 Nf4+ 1-0

[Event "11th Asrian Memorial 2018"]
[Site "Jermuk"]
[Date "2018.06.29"]
[Round "9"]
[White "Pashikian, Arman"]
[Black "Abdumalik, Zhansaya"]
[Result "1-0"]
[ECO "A48"]
[WhiteElo "2608"]
[BlackElo "2488"]
[Annotator "ChessBase"]
[PlyCount "73"]
[EventDate "2018.06.21"]
[EventCountry "ARM"]
[SourceTitle "playchess.com"]
[Source "ChessBase"]
[SourceQuality "1"]
[TimeControl "40/5400+30:1800+30"]

1. d4 Nf6 2. Nf3 g6 3. Nbd2 d5 4. b4 Bg7 5. Bb2 O-O 6. e3 Bf5 7. Be2 Re8 8. O-O c6 9. c4 h6 10. a4 Nbd7 11. Qb3 e6 12. Rfd1 g5 13. b5 a6 14. Rac1 axb5 15. axb5 Ne4 16. cxd5 cxd5 17. Nxe4 Bxe4 18. Ne5 Bf8 19. Nd3 Qb6 20. Nc5 Nf6 21. Nxe4 Nxe4 22. Bd3 Rec8 23. Bxe4 dxe4 24. d5 exd5 25. Qxd5 Rxc1 26. Rxc1 Bg7 27. Bxg7 Kxg7 28. Qe5+ Kg8 29. g3 Rd8 30. Rc4 Qg6 31. Rxe4 Qd6 32. Qd4 Qc7 33. Qf6 Rd1+ 34. Kg2 Qd8 35. Re7 Qf8 36. Rxb7 Rd6 37. Qf5 1-0

[Event "11th Asrian Memorial 2018"]
[Site "Jermuk"]
[Date "2018.06.29"]
[Round "9"]
[White "Martirosyan, Haik M"]
[Black "Melkumyan, Hrant"]
[Result "1-0"]
[ECO "B31"]
[WhiteElo "2572"]
[BlackElo "2662"]
[Annotator "ChessBase"]
[PlyCount "157"]
[EventDate "2018.06.21"]
[EventCountry "ARM"]
[SourceTitle "playchess.com"]
[Source "ChessBase"]
[SourceQuality "1"]
[TimeControl "40/5400+30:1800+30"]

1. e4 c5 2. Nf3 Nc6 3. Bb5 g6 4. O-O Bg7 5. Nc3 e5 6. Bxc6 dxc6 7. d3 Qe7 8. a3 Nf6 9. Be3 O-O 10. Qc1 Re8 11. Bh6 Bh8 12. Bg5 b6 13. Nd2 h6 14. Bxh6 Ng4 15. Nf3 Nxh6 16. Qxh6 Bg7 17. Qe3 Bf6 18. h3 Kg7 19. g4 Rh8 20. Kg2 Be6 21. Rh1 Qd6 22. Ne2 a5 23. a4 Rae8 24. Ng3 Bd8 25. Rh2 Bc8 26. Qd2 Qf6 27. Rah1 Qf4 28. Ne2 Qf6 29. Ng3 Qf4 30. Ne2 Qxd2 31. Nxd2 Bc7 32. Ra1 Be6 33. Rhh1 Rd8 34. b3 Rb8 35. Nc4 Ra8 36. Ne3 Rh4 37. Ng1 Rhh8 38. Nf3 Rad8 39. Nc4 f6 40. Ne3 Rde8 41. Kf1 b5 42. Ke2 Rb8 43. Nd2 Rh4 44. Kf3 Kf7 45. Kg2 Rd8 46. axb5 cxb5 47. Nb1 c4 48. bxc4 bxc4 49. dxc4 f5 50. Nc3 Bb6 51. exf5 gxf5 52. gxf5 Rg8+ 53. Ng4 Rgxg4+ 54. hxg4 Rxg4+ 55. Kf1 Bxc4+ 56. Ke1 Bd4 57. Ra3 Bc5 58. Rxa5 Bb4 59. Ra7+ Kf6 60. Rh3 Kxf5 61. Rc7 Rf4 62. Kd1 Rd4+ 63. Kc1 Ba3+ 64. Kb1 Bd6 65. Rch7 Rf4 66. R7h5+ Ke6 67. Rh6+ Kd7 68. R3h4 Bb4 69. Rxf4 exf4 70. Ne4 Be7 71. Kc1 Bf1 72. Kd2 Bd8 73. Nc5+ Ke7 74. Nd3 Kf7 75. Ke1 Bg2 76. Nxf4 Be4 77. Nd3 Bf6 78. Ke2 Bf5 79. f4 1-0

[Event "11th Asrian Memorial 2018"]
[Site "Jermuk"]
[Date "2018.06.29"]
[Round "9"]
[White "Zhigalko, Andrey"]
[Black "Gabuzyan, Hovhannes"]
[Result "0-1"]
[ECO "A10"]
[WhiteElo "2562"]
[BlackElo "2539"]
[Annotator "ChessBase"]
[PlyCount "128"]
[EventDate "2018.06.21"]
[EventCountry "ARM"]
[SourceTitle "playchess.com"]
[Source "ChessBase"]
[SourceQuality "1"]
[TimeControl "40/5400+30:1800+30"]

1. c4 g6 2. e4 e5 3. d4 d6 4. Ne2 Bg7 5. Nbc3 Nd7 6. Be3 Ne7 7. g3 O-O 8. Bg2 exd4 9. Bxd4 Ne5 10. b3 N7c6 11. Be3 Bg4 12. Rc1 Nb4 13. O-O Ned3 14. Rb1 Bxc3 15. f3 Bg7 16. fxg4 Ne5 17. h3 a5 18. Qd2 Re8 19. Rbd1 c6 20. Nc1 Qc7 21. Qxd6 Qxd6 22. Rxd6 a4 23. Rd2 axb3 24. axb3 h6 25. Rfd1 Ra1 26. Bc5 Na6 27. Bd4 Rb1 28. Kf2 Rd8 29. Be3 Rxd2+ 30. Rxd2 Bf6 31. Nd3 Rxb3 32. Nxe5 Bxe5 33. Bxh6 Bxg3+ 34. Ke2 Nc5 35. Rd8+ Kh7 36. Be3 Ne6 37. Rd3 Rb2+ 38. Kf3 Bh4 39. e5 Kg7 40. Bf1 Bg5 41. Bf2 Rb1 42. Bg2 Bf4 43. h4 Bxe5 44. Be3 Rb4 45. Rd7 Kf8 46. Bf1 Rb3 47. Rd3 Rb1 48. Be2 Rh1 49. Rd7 Bc7 50. Bf2 Rh3+ 51. Ke4 Bg3 52. Be3 Bxh4 53. Rxb7 f5+ 54. gxf5 gxf5+ 55. Kxf5 Rxe3 56. Bg4 Be7 57. Kg6 Rg3 58. Rb8+ Bd8 59. Rc8 Ke7 60. Kh5 Nc7 61. Rb8 Rc3 62. Be2 Ne6 63. Kg4 Bc7 64. Rc8 Kd7 0-1

[Event "11th Asrian Memorial 2018"]
[Site "Jermuk"]
[Date "2018.06.29"]
[Round "9"]
[White "Petrosyan, Manuel"]
[Black "Jumabayev, Rinat"]
[Result "1/2-1/2"]
[ECO "D11"]
[WhiteElo "2551"]
[BlackElo "2594"]
[Annotator "ChessBase"]
[PlyCount "125"]
[EventDate "2018.06.21"]
[EventCountry "ARM"]
[SourceTitle "playchess.com"]
[Source "ChessBase"]
[SourceQuality "1"]
[TimeControl "40/5400+30:1800+30"]

1. d4 d5 2. c4 c6 3. Nf3 Nf6 4. e3 a6 5. Nc3 Bf5 6. Bd3 Bxd3 7. Qxd3 e6 8. O-O Bb4 9. Bd2 O-O 10. Nxd5 Nxd5 11. cxd5 Bxd2 12. Nxd2 exd5 13. b4 Qe7 14. a4 Nd7 15. b5 c5 16. dxc5 Nxc5 17. Qc2 Rfc8 18. bxa6 bxa6 19. Qa2 Qd7 20. Rfd1 Nd3 21. Nf3 Nb4 22. Qb3 a5 23. Rac1 g6 24. h3 Rxc1 25. Rxc1 Rc8 26. Rxc8+ Qxc8 27. Qd1 Qc4 28. Nd4 h5 29. g3 Kf8 30. Qf3 Ke7 31. Qf4 Nd3 32. Qg5+ Ke8 33. Qf6 Qc1+ 34. Kg2 Qb2 35. g4 hxg4 36. hxg4 Kf8 37. g5 Kg8 38. Nc6 Qxf6 39. gxf6 Nc5 40. Nxa5 Nxa4 41. Nc6 Kf8 42. Kf3 Ke8 43. Kf4 Kd7 44. Nd4 Nc5 45. f3 Ke8 46. Nb5 Nd3+ 47. Kg5 Ne5 48. f4 Nf3+ 49. Kg4 Nd2 50. Nd6+ Kf8 51. Kg3 Nc4 52. Nxc4 dxc4 53. Kf3 Ke8 54. Ke4 Kd7 55. Kd4 Ke6 56. Kxc4 Kxf6 57. e4 g5 58. fxg5+ Kxg5 59. Kd4 Kf4 60. e5 Kf3 61. Kd5 Ke3 62. e6 fxe6+ 63. Kxe6 1/2-1/2

[Event "11th Asrian Memorial 2018"]
[Site "Jermuk"]
[Date "2018.06.29"]
[Round "9"]
[White "Ter-Sahakyan, Samvel"]
[Black "Andriasian, Zaven"]
[Result "0-1"]
[ECO "B23"]
[WhiteElo "2546"]
[BlackElo "2586"]
[Annotator "ChessBase"]
[PlyCount "60"]
[EventDate "2018.06.21"]
[EventCountry "ARM"]
[SourceTitle "playchess.com"]
[Source "ChessBase"]
[SourceQuality "1"]
[TimeControl "40/5400+30:1800+30"]

1. e4 c5 2. Nc3 a6 3. g3 Nc6 4. Bg2 g6 5. Nge2 Bg7 6. d3 d6 7. Be3 Rb8 8. O-O b5 9. Qd2 b4 10. Nd1 Nf6 11. h3 Bb7 12. Bh6 Bxh6 13. Qxh6 Nd4 14. Nxd4 cxd4 15. c4 Qa5 16. Qd2 g5 17. a3 Bc8 18. c5 Qxc5 19. axb4 Qb5 20. Rc1 Be6 21. Re1 Nd7 22. f4 gxf4 23. gxf4 Rg8 24. Nf2 Qh5 25. Qe2 Qh4 26. f5 Bb3 27. Ng4 h5 28. Qf2 Qg5 29. Nh2 Ne5 30. Nf3 Qxg2+ 0-1

[Event "11th Asrian Memorial 2018"]
[Site "Jermuk"]
[Date "2018.06.29"]
[Round "9"]
[White "Tutisani, Noe"]
[Black "Stupak, Kirill"]
[Result "1/2-1/2"]
[ECO "A05"]
[WhiteElo "2469"]
[BlackElo "2564"]
[Annotator "ChessBase"]
[PlyCount "72"]
[EventDate "2018.06.21"]
[EventCountry "ARM"]
[SourceTitle "playchess.com"]
[Source "ChessBase"]
[SourceQuality "1"]
[TimeControl "40/5400+30:1800+30"]

1. Nf3 Nf6 2. g3 c5 3. Bg2 d5 4. O-O g6 5. c3 Bg7 6. d4 Qb6 7. Qb3 O-O 8. Be3 c4 9. Qa3 Nc6 10. b3 cxb3 11. axb3 Ng4 12. Bf4 Re8 13. Nbd2 h6 14. e4 dxe4 15. Nxe4 Bf5 16. Nfd2 Bxe4 17. Nxe4 e5 18. dxe5 g5 19. Bd2 Rxe5 20. h3 Nf6 21. Be3 Qc7 22. Qd6 Qd8 23. Qxd8+ Rxd8 24. Nc5 Re7 25. Rfd1 Rc8 26. Ra4 b6 27. Ne4 Na5 28. Nd6 Rd8 29. Rdd4 Nxb3 30. Nf5 Red7 31. Ne7+ Kf8 32. Rxd7 Rxd7 33. Nc6 Rd1+ 34. Kh2 Ra1 35. Rxa1 Nxa1 36. Nxa7 Nd7 1/2-1/2